 Dungeon Crawl Stone Soup version 0.27.1-34-g3ba077fa99 (webtiles) character file.

Game seed: 1140219802481247348

13 cbfl8 the Sneak (level 2, -1/27 HPs)
             Began as a Minotaur Delver on Jan 16, 2022.
             Slain by an orc wizard (3 damage)
             ... on level 4 of the Dungeon.
             The game lasted 00:00:28 (110 turns).

cbfl8 the Sneak (Minotaur Delver)                    Turns: 110, Time: 00:00:29

Health: -1/27      AC:  0    Str: 16    XL:     2   Next: 24%
Magic:  0/1        EV: 12    Int:  7    God:
Gold:   0          SH:  0    Dex: 11    Spells: 1/1 levels left

rFire    . . .     SeeInvis .   a - +0 hand axe
rCold    . . .     Faith    .   (no shield)
rNeg     . . .     Spirit   .   (no armour)
rPois    .         Reflect  .   (helmet restricted)
rElec    .         Harm     .   (no cloak)
rCorr    .         Rampage  .   (no gloves)
Will     .....                  (no boots)
Stlth    ++........             (no amulet)
HPRegen  0.09/turn              (no ring)
MPRegen  0.07/turn              (no ring)

@: no status effects
A: horns 2, retaliatory headbutt
a: no special abilities


You were on level 4 of the Dungeon.
You visited 1 branch of the dungeon, and saw 2 of its levels.

Inventory:

Hand Weapons
 a - a +0 hand axe (weapon)
Armour
 b - a +0 leather armour
 d - a +0 ring mail
Wands
 g - a wand of digging (3)
Scrolls
 c - a scroll of fog
 e - a scroll of fear
Potions
 f - a potion of haste


   Skills:
 + Level 3.8 Fighting
 + Level 2.4 Axes
 + Level 2.2 Dodging
 + Level 4.4 Stealth


You had one spell level left.
You didn't know any spells.
Your spell library was empty.

Dungeon Overview and Level Annotations

Branches:
Dungeon (5/15)             Temple (0/1) D:4

Altars:


Innate Abilities, Weirdness & Mutations

You have a pair of horns on your head.
You reflexively headbutt those who attack you in melee.


Message History

The adder skeleton bites you.
You slash the adder skeleton!
The adder skeleton is heavily damaged.
The adder skeleton bites you.
You slash the adder skeleton!
You destroy the adder skeleton!
You start resting.
You hear the slow hiss of an avalanche of sand nearby.
You start resting.
HP restored.
Found an orange potion.
A kobold and an orc wizard come into view.
The kobold is wielding a +0 club and quivering poisoned darts.
The orc wizard is wielding a +2 antimagic dagger.
The orc wizard shouts!
You hear a shout! x3
The kobold throws a poisoned dart.
The poisoned dart hits you!
You are poisoned.
You hear the slow hiss of an avalanche of sand nearby.
You feel very sick.
You feel sick.
You feel sick.
You feel sick.
You feel sick.
You hit the orc wizard. You headbutt the orc wizard.
The orc wizard is heavily wounded.
You feel sick.
The orc wizard hits you with a +2 antimagic dagger!
You feel your power leaking away.
You hit the orc wizard.
The orc wizard is severely wounded.
You feel sick.
The orc wizard hits you with a +2 antimagic dagger.
* * * LOW HITPOINT WARNING * * *
You closely miss the orc wizard.
The orc wizard is severely wounded.
You feel sick.
You are no longer poisoned.
The orc wizard hits you with a +2 antimagic dagger.
* * * LOW HITPOINT WARNING * * *
The orc wizard hits you with a +2 antimagic dagger.
You die...

############.......,,,,,,,,,,,,,,
#..............#**,**,,,,,,****,*
#.>..........#** *,,,,,,,,.**,,,*
#............# ****,,,,..,*,***
#...........## *,,,...,*<*
#...........# *##..#*,,,***
##########..# ###.....,,,,,,,
##.....########...#***,*,,,,*
##.....####..@oK.#** *,,,,,,*
#..<........###### *****,,,
#........#### **,, #.....(.## **,
##.....## *, #.......* *,
#.......# ** #.......# ##...!.##


You could see an orc wizard and a kobold.

Vanquished Creatures
  An adder (D:4)
  An adder skeleton (D:4)
2 creatures vanquished.

Notes
Turn   | Place    | Note
-------+----------+-------------------------------------------
     0 | D:5      | cbfl8 the Minotaur Delver began the quest for the Orb.
     0 | D:5      | Reached XP level 1. HP: 19/19 MP: 0/0
    13 | D:4      | Reached XP level 2. HP: 27/27 MP: 1/1
   110 | D:4      | Slain by an orc wizard

Illustrated notes

Levels and vault maps discovered:
D:4:      layout_rooms, mainiacjoe_overflow_big_doors,
          okawaru_metal_pillars_1_2, minmay_temple_entry_proselytizer,
          nicolae_ossuary_entry_plus
D:5:      layout_loops_cross, grunt_temple_overflow_open,
          minmay_manual_mandibuliform

Action                   || total
-------------------------++-------
Melee: Hand axe          ||     6
       Headbutt          ||     1
  Use: Scroll            ||     1
Armor: Leather armour    ||     1
Dodge: Dodged            ||     3
